 Dungeon Sprint DCSS version 0.21.2 (webtiles) character file.

552 Fang the Fighter (level 7, -12/79 HPs)
             Began as a Gargoyle Berserker on Jan 10, 2019.
             Was a Priest of Trog.
             Mangled by a polar bear (16 damage)
             ... in the Dungeon (Sprint II: "The Violet Keep of Menkaure").
             The game lasted 00:02:35 (868 turns).

Fang the Fighter (Gargoyle Berserker)                Turns: 868, Time: 00:02:36

Health: -12/79     AC: 14    Str: 27    XL:     7   Next: 29%
Magic:  7/7        EV: 10    Int:  8    God:    Trog [***...]
Gold:   241        SH:  0    Dex:  9    Spells: 6/6 levels left

rFire    . . .     SeeInvis .   j - +0 war axe
rCold    . . .     Gourm    .   (no shield)
rNeg     + . .     Faith    .   k - +0 chain mail
rPois    ∞         Spirit   .   (no helmet)
rElec    +         Reflect  .   (no cloak)
rCorr    .         Harm     .   (no gloves)
MR       .....     NoTele   +   (no boots)
Stlth    ..........             (no amulet)
HPRegen  0.23/turn              (no ring)
MPRegen  0.10/turn              (no ring)

@: berserking (expiring), slow
A: negative energy resistance 1, electricity resistance, unbreathing,
petrification resistance, rot immunity, AC +4
a: Berserk, Trog's Hand, Burn Spellbooks, Renounce Religion


You were in the Dungeon.
You worshipped Trog.
Trog was most pleased with you.
You were not hungry.

You visited 1 branch You collected 486 gold pieces.
You spent 245 gold pieces at shops.

Inventory:

Hand Weapons
 j - a +0 war axe (weapon)
Armour
 k - a +0 chain mail (worn)
Scrolls
 i - a scroll of blinking
Potions
 d - a potion of curing
 e - a potion of heal wounds
 f - a potion of haste
 g - 2 potions of magic
 h - a potion of berserk rage
Comestibles
 c - a ration


   Skills:
 + Level 10.3 Fighting
 + Level 9.3 Axes
 + Level 5.4 Armour
 + Level 5.2 Dodging


You had 6 spell levels left.
You didn't know any spells.

Dungeon Overview and Level Annotations

Branches:
Dungeon (1/1)

Altars:
Cheibriados
Dithmenos
Elyvilon
Fedhas
Gozag
Kikubaaqudgha
Makhleb
Nemelex Xobeh
Okawaru
Sif Muna
Trog
Uskayaw
Vehumet
Yredelemnul
Zin
Beogh
Jiyva
Lugonu

Shops:
D :=**%=!:?=}!(?[[

Annotations:
D exclusion: oklob plant


Innate Abilities, Weirdness & Mutations

You are resistant to torment.
Your stone body is resilient. (AC +4)
You are immune to poison.
You resist negative energy. (rN+)
You are resistant to electric shocks. (rElec)
You can survive without breathing.
You are immune to petrification.
You are immune to rotting.


Message History

The polar bear claws you but does no damage.
The polar bear barely misses you.
The hornet stings you but does no damage.
You hit the polar bear.
The polar bear is almost dead.
You barely miss the hornet.
The polar bear goes berserk!
The hornet stings you but does no damage.
Unknown command.
Your unstable footing causes you to fumble your attack.
The polar bear bites you!
* * * LOW HITPOINT WARNING * * *
The polar bear claws you but does no damage.
The polar bear claws you.
* * * LOW HITPOINT WARNING * * *
The hornet stings you!
* * * LOW HITPOINT WARNING * * *
Your chain mail prevents you from hitting the polar bear.
The polar bear is almost dead.
You closely miss the hornet. The polar bear bites you!
You die...

##.#.#### ##'###.##..#
.# # .##.##.# #..# .# .#
#+.<.'# +..### .##.# %
.##.##...#§§..###...##▓▓
##'###.##...§§.≈≈≈≈≈≈≈≈
##÷#÷####≈§.§...c#+#####
#.###.#≈≈≈≈≈§≈hyh#....._
##.#.##≈≈≈≈§§≈≈.@#...._.
≈##'##≈≈≈§≈§§§≈≈≈#..._._
≈≈≈≈≈≈≈≈≈≈≈§§§≈≈≈#.._._.
+++#+++#≈≈≈≈≈≈§≈≈#._._._
≈§SS§ ##≈≈≈###§≈#_._._.
§§§§≈≈≈≈##≈≈# #≈≈#._._._
≈§≈≈≈§§≈≈+≈§# #≈≈#_._._.
≈≈§≈§≈§§##§≈≈≈≈≈§#######
§§§§≈≈§#### ######≈≈≈≈≈≈


You could see 2 polar bears, a yaktaur and a hornet.

Vanquished Creatures
  2 hippogriffs (D)
  A crocodile (D)
  4 worker ants (D)
  3 worms (D)
10 creatures vanquished.

Vanquished Creatures (others)
  Menkaure (D)
  A crocodile (D)
2 creatures vanquished.

Grand Total: 12 creatures vanquished

Notes
Turn   | Place    | Note
-------+----------+-------------------------------------------
     0 | D        | Fang the Gargoyle Berserker began the quest for the Orb.
     0 | D        | Reached XP level 1. HP: 14/14 MP: 1/1
     1 | D        | Noticed a tyrant leech
     1 | D        | Noticed a tyrant leech
     7 | D        | Noticed a worker ant
     7 | D        | Noticed a worker ant
     7 | D        | Noticed a worker ant
     7 | D        | Noticed a worker ant
    17 | D        | Killed a worker ant
    17 | D        | Reached skill level 5 in Fighting
    17 | D        | Reached XP level 2. HP: 12/21 MP: 2/2
    17 | D        | Reached XP level 3. HP: 16/27 MP: 3/3
    20 | D        | Reached ** piety under Trog
    20 | D        | Reached skill level 6 in Fighting
    20 | D        | Reached skill level 5 in Axes
    20 | D        | Reached XP level 4. HP: 14/32 MP: 4/4
    27 | D        | Killed a crocodile
    74 | D        | Killed Menkaure
   227 | D        | Noticed a hippogriff
   227 | D        | Noticed a hippogriff
   233 | D        | Killed a hippogriff
   233 | D        | Reached skill level 8 in Fighting
   233 | D        | Reached XP level 5. HP: 17/40 MP: 5/5
   233 | D        | Reached XP level 6. HP: 19/45 MP: 6/6
   235 | D        | Killed a hippogriff
   235 | D        | Reached *** piety under Trog
   235 | D        | Reached skill level 10 in Fighting
   235 | D        | Reached skill level 5 in Armour
   235 | D        | Reached skill level 5 in Dodging
   235 | D        | Reached XP level 7. HP: 13/52 MP: 7/7
   531 | D        | Found Ecwoebuw's Antique Armour Emporium.
   533 | D        | Found Obeff's Antique Weapon Shoppe.
   535 | D        | Found Zaud's Jewellery Shoppe.
   535 | D        | Found Nonuinol's Magic Scroll Emporium.
   535 | D        | Found Uliabeimer's Book Shoppe.
   536 | D        | Found Qitauff's Jewellery Emporium.
   536 | D        | Found Qyl Vuog's Food Shoppe.
   537 | D        | Found Aggian's Distillery.
   537 | D        | Found Mena's General Store.
   538 | D        | Found Isoa's General Store.
   538 | D        | Found Ezihair's Jewellery Emporium.
   539 | D        | Found Rawnatusk's Magic Scroll Shoppe.
   539 | D        | Found Worhiklu's Distillery.
   540 | D        | Found Donuh's Antique Armour Shoppe.
   540 | D        | Found Ysieriv's Gadget Emporium.
   542 | D        | Noticed an ice dragon
   543 | D        | Noticed an oklob plant
   544 | D        | Found Aleed's Book Shoppe.
   586 | D        | Bought a war axe for 73 gold pieces
   602 | D        | Bought a chain mail for 112 gold pieces
   628 | D        | Reached **** piety under Trog
   759 | D        | Bought a ration for 60 gold pieces
   846 | D        | Found an opulent altar of Gozag.
   846 | D        | Found an iron altar of Okawaru.
   847 | D        | Found a blossoming altar of Fedhas.
   847 | D        | Found a sparkling altar of Nemelex Xobeh.
   848 | D        | Found a white marble altar of Elyvilon.
   848 | D        | Found a burning altar of Makhleb.
   848 | D        | Found a radiant altar of Vehumet.
   850 | D        | Found a shadowy altar of Dithmenos.
   850 | D        | Found a corrupted altar of Lugonu.
   850 | D        | Found a hide-covered altar of Uskayaw.
   850 | D        | Noticed a polar bear
   851 | D        | Found an ancient bone altar of Kikubaaqudgha.
   851 | D        | Found a snail-covered altar of Cheibriados.
   851 | D        | Found a bloodstained altar of Trog.
   851 | D        | Found a glowing silver altar of Zin.
   852 | D        | Noticed a hornet
   852 | D        | Found a viscous altar of Jiyva.
   852 | D        | Found a deep blue altar of Sif Muna.
   852 | D        | Found a roughly hewn altar of Beogh.
   852 | D        | Found a basalt altar of Yredelemnul.
   853 | D        | Noticed a yaktaur
   857 | D        | Noticed a polar bear
   868 | D        | Mangled by a polar bear

Skill      XL: |  1  2  3  4  5  6 |
---------------+-------------------+-----
Fighting       | 5 6 8 10 | 10.3
Axes           | 4 5 7 9 |  9.3
Dodging        | 2 4 5 |  5.2
Armour         | 3 4 5 |  5.4

Action                   |  1- 3 |  4- 6 |  7- 9 || total
-------------------------+-------+-------+-------++-------
Melee: Hand axe          |    11 |     7 |     5 ||    23
       War axe           |       |       |    23 ||    23
Invok: Berserk           |     1 |     1 |     2 ||     4
  Eat: Ration            |       |       |     1 ||     1
Armor: Animal skin       |     5 |     6 |       ||    11
       Chain mail        |       |       |    35 ||    35
Dodge: Dodged            |     8 |    10 |    17 ||    35
